 Dungeon Crawl Stone Soup version 0.23.1-41-g7e51ed3 (webtiles) character file.

Game seed: 16789775910298147776

4020 Fang the Fighter (level 10, -5/65 HPs)
             Began as a Gargoyle Berserker on Mar 28, 2019.
             Was an Elder of Trog.
             Slain by a very large slime creature (36 damage)
             ... on level 8 of the Dungeon on Mar 29, 2019.
             The game lasted 00:10:23 (7282 turns).

Fang the Fighter (Gargoyle Berserker)               Turns: 7282, Time: 00:10:23

Health: -5/65      AC: 18    Str: 25    XL:     10   Next: 23%
Magic:  0/10       EV: 11    Int:  7    God:    Trog [****..]
Gold:   425        SH:  5    Dex:  9    Spells: 9/9 levels left

rFire    . . .     SeeInvis .   F - +0 war axe
rCold    . . .     Gourm    .   (no shield)
rNeg     + . .     Faith    .   i - +0 chain mail
rPois    ∞         Spirit   +   (no helmet)
rElec    +         Reflect  +   w - scarf {Spirit}
rCorr    .         Harm     .   (no gloves)
MR       ++...                  (no boots)
Stlth    ..........             j - +5 amulet of reflection
HPRegen  1.20/turn              D - ring of flight
MPRegen  0.12/turn              (no ring)

@: regenerating
A: negative energy resistance 1, electricity resistance, unbreathing,
petrification resistance, rot immunity, AC +7
a: Berserk, Trog's Hand, Brothers in Arms, Renounce Religion, Evoke Flight


You were on level 8 of the Dungeon.
You worshipped Trog.
Trog was greatly pleased with you.
You were very hungry.

You visited 2 branches of the dungeon, and saw 9 of its levels.
You also visited: Ossuary.

You collected 425 gold pieces.

Inventory:

Hand Weapons
 F - a +0 war axe (weapon)
Armour
 i - a +0 chain mail (worn)
 w - a scarf of spirit shield (worn)
Jewellery
 j - a +5 amulet of reflection (around neck)
 D - a ring of flight (left hand)
Wands
 a - a wand of flame (8)
 v - a wand of iceblast (19)
 C - a wand of random effects (20)
 H - a wand of polymorph (11)
Scrolls
 d - 8 scrolls of teleportation {unknown}
 g - 11 scrolls of identify {unknown}
 h - 8 scrolls of remove curse {unknown}
 k - 2 scrolls of enchant weapon {unknown}
 l - 4 scrolls of blinking {unknown}
 n - a scroll of magic mapping {unknown}
 p - 2 scrolls of immolation {unknown}
 r - a scroll of noise {unknown}
 y - a scroll of enchant armour {unknown}
 G - a scroll of fear {unknown}
Potions
 b - 3 potions of flight {unknown}
 e - 6 potions of haste {unknown}
 f - 3 potions of might {unknown}
 m - 3 potions of agility {unknown}
 o - 6 potions of curing {unknown}
 q - 2 potions of brilliance {unknown}
 s - 4 potions of heal wounds {unknown}
 t - a potion of berserk rage {unknown}
 u - 2 potions of lignification {unknown}
 x - 3 potions of cancellation {unknown}
 z - 2 potions of resistance {unknown}
 A - a potion of invisibility {unknown}
 B - a potion of ambrosia {unknown}
Comestibles
 c - 12 rations
 E - 11 chunks of flesh


   Skills:
 + Level 8.6 Fighting
 + Level 7.2 Axes
 + Level 8.2 Armour
 + Level 6.2 Dodging


You had 9 spell levels left.
You didn't know any spells.
Your spell library was empty.

Dungeon Overview and Level Annotations

Branches:
Dungeon (8/15)             Temple (1/1) D:4
   Lair: D:8-11

Altars:
Kikubaaqudgha
Makhleb
Sif Muna
Vehumet
Xom

Shops:
D:5 [


Innate Abilities, Weirdness & Mutations

You are resistant to torment.
Your stone body is resilient. (AC +7)
You are immune to poison.
You resist negative energy. (rN+)
You are resistant to electric shocks. (rElec)
You can survive without breathing.
You are immune to petrification.
You are immune to rotting.


Message History

Your ogre is splashed with acid.
The acid corrodes your ogre!
Your ogre rages.
Your ogre hits the very large slime creature with a +0 giant club!!
Your skin crawls.
You feel resistant to hostile enchantments.
You are feeling very hungry.
You hit the very large slime creature but do no damage.
The very large slime creature is heavily wounded.
You are no longer corroded.
Your ogre hits the very large slime creature with a +0 giant club!!
The very large slime creature closely misses your ogre.
The very large slime creature hits your ogre!!!
Your ogre dies!
Your ogre's corpse disappears in a puff of smoke!
The very large slime creature quivers.
You completely miss the very large slime creature.
The very large slime creature is severely wounded.
The very large slime creature hits you!!!
Ouch! That really hurt!
You die...

### ### .#..
#$.....##.####### #..###
#P.P..P#@#.#....###.....
#.....÷#J#.#(....##..#
#P.P.÷.#J#'#....).'..#
#....JJ#J#......)('..#
#P÷PPJJ#.#.(....).'(.#
#.....J#.#.......##(.#
##
#÷PPP..'##......####(#
.# #..÷..J########## #.#
.### ####### #.#


You could see a very large slime creature, a jelly and an ooze.

Vanquished Creatures
  A two-headed ogre (D:7)
  Joseph (D:8)
  A hippogriff (D:8)
  2 wraiths (Ossuary)
  2 sky beasts (D:6)
  A black bear (D:7)
  2 phantoms
  4 ogres
  A centaur (D:5)
  3 big kobolds (D:8)
  A bullfrog (D:5)
  4 wights (Ossuary)
  3 howler monkeys
  2 crimson imps (D:5)
  3 hounds
  4 jellies
  4 orc priests
  8 orc wizards
  2 centaur skeletons
  Jessica (D:3)
  An iguana (D:7)
  8 worker ants
  A hound zombie (D:5)
  A hound skeleton (D:7)
  Robin (D:2)
  4 gnolls (D:4)
  4 adders
  2 shadow imps
  3 oozes
  An adder skeleton (D:5)
  6 worms
  3 dart slugs
  6 leopard geckos
  21 orcs
  4 bats
  9 giant cockroaches
  9 goblins
  6 hobgoblins
  5 jackals
  7 kobolds
  6 quokkas
  A ball python (D:1)
  2 ball python skeletons (Ossuary)
  3 frilled lizards
  A goblin zombie (D:5)
  A hobgoblin zombie (Ossuary)
  A kobold zombie (Ossuary)
  A leopard gecko skeleton (D:4)
  2 orc skeletons (Ossuary)
  An orc zombie (Ossuary)
  A quokka zombie (D:5)
  7 rats
  A toadstool (D:8)
180 creatures vanquished.

Vanquished Creatures (others)
  2 toadstools (D:8)
2 creatures vanquished.

Grand Total: 182 creatures vanquished

Notes
Turn   | Place    | Note
-------+----------+-------------------------------------------
     0 | D:1      | Fang the Gargoyle Berserker began the quest for the Orb.
     0 | D:1      | Reached XP level 1. HP: 14/14 MP: 1/1
    90 | D:1      | Reached XP level 2. HP: 19/19 MP: 2/2
  1077 | D:2      | Reached XP level 3. HP: 12/23 MP: 3/3
  1302 | D:2      | Noticed Robin
  1313 | D:2      | Reached ** piety under Trog
  1321 | D:2      | Killed Robin
  1321 | D:2      | Reached XP level 4. HP: 29/29 MP: 4/4
  1963 | D:3      | Found a faded altar of an unknown god.
  2064 | D:3      | Noticed Jessica
  2073 | D:3      | Killed Jessica
  2073 | D:3      | Reached XP level 5. HP: 32/33 MP: 5/5
  2604 | D:4      | Noticed a phantom
  2612 | D:4      | Found a staircase to the Ecumenical Temple.
  2633 | Temple   | Entered the Ecumenical Temple
  2843 | D:4      | Killed a phantom
  2843 | D:4      | Reached XP level 6. HP: 37/39 MP: 6/6
  2865 | D:4      | Found a radiant altar of Vehumet.
  3516 | D:4      | Identified Vehumet's Catalogue of Battle Magic
  3518 | D:4      | Found an ancient bone altar of Kikubaaqudgha.
  3519 | D:4      | Found a deep blue altar of Sif Muna.
  3635 | D:4      | Reached skill level 5 in Fighting
  3635 | D:4      | Reached XP level 7. HP: 28/44 MP: 4/7
  3895 | D:4      | Upgraded the game from 0.23.1-38-g628c18f to
                  | 0.23.1-41-g7e51ed3
  3919 | D:5      | Entered Level 5 of the Dungeon
  4028 | D:5      | Reached *** piety under Trog
  4122 | D:5      | Found a sand-covered staircase.
  4133 | Ossuary  | Entered an ossuary
  4298 | Ossuary  | Noticed a wraith
  4298 | Ossuary  | Noticed a flying skull
  4305 | Ossuary  | Noticed a flying skull
  4306 | Ossuary  | Noticed a flying skull
  4333 | Ossuary  | Noticed a flying skull
  4346 | Ossuary  | Reached skill level 5 in Armour
  4386 | Ossuary  | Noticed a wraith
  4407 | Ossuary  | Killed a wraith
  4407 | Ossuary  | Reached XP level 8. HP: 20/51 MP: 4/8
  4586 | Ossuary  | Noticed a wraith
  4611 | Ossuary  | Killed a wraith
  4611 | Ossuary  | Reached skill level 5 in Axes
  5401 | D:5      | Found Jonej's Armour Shoppe.
  5521 | D:5      | Found a shimmering altar of Xom.
  5521 | D:5      | Found a burning altar of Makhleb.
  5770 | D:6      | Reached **** piety under Trog
  5903 | D:6      | Reached XP level 9. HP: 40/56 MP: 6/9
  5968 | D:6      | Reached skill level 5 in Dodging
  6196 | D:6      | Found a shimmering altar of Xom.
  7007 | D:7      | Noticed a two-headed ogre
  7017 | D:7      | Killed a two-headed ogre
  7117 | D:8      | Reached XP level 10. HP: 55/64 MP: 7/10
  7144 | D:8      | Noticed Joseph
  7167 | D:8      | Killed Joseph
  7268 | D:8      | Reached ***** piety under Trog
  7282 | D:8      | Slain by a very large slime creature

Skill      XL: |  1  2  3  4  5  6  7  8  9 10 |
---------------+-------------------------------+-----
Axes           | 3 4 5 7 |  7.2
Dodging        | 2 3 4 6 |  6.2
Armour         | 3 4 5 6 7 8 |  8.2
Fighting       | 4 5 6 8 |  8.6

Action                   |  1- 3 |  4- 6 |  7- 9 | 10-12 || total
-------------------------+-------+-------+-------+-------++-------
Melee: Hand axe          |    89 |   190 |   467 |       ||   746
       War axe           |       |       |   123 |    55 ||   178
Invok: Berserk           |     3 |     3 |     6 |       ||    12
       Trog's Hand       |       |       |       |     1 ||     1
       Brothers in Arms  |       |       |       |     1 ||     1
 Stab: Invisible         |       |       |     3 |       ||     3
  Eat: Chunk             |     3 |     8 |    11 |     1 ||    23
       Ration            |       |     1 |     2 |       ||     3
Armor: Animal skin       |    11 |       |       |       ||    11
       Chain mail        |    32 |   113 |   264 |    33 ||   442
Dodge: Dodged            |    41 |    88 |   234 |    22 ||   385
Block: Other             |    16 |    44 |   123 |    15 ||   198
       Reflection        |       |     1 |     2 |     1 ||     4
